 Dungeon Crawl Stone Soup version 0.16-b1 (webtiles) character file.

487 dysrexia the Skirmisher (level 7, -2/52 HPs)
             Began as an Octopode Abyssal Knight on Mar 14, 2015.
             Was a Priest of Lugonu.
             Slain by a phantom (8 damage)
             ... on level 5 of the Dungeon.
             The game lasted 00:17:30 (4734 turns).

dysrexia the Skirmisher (Octopode Abyssal Knight)   Turns: 4734, Time: 00:17:30

Health: -2/52      AC:  1    Str: 12    XL:     7   Next: 13%
Magic:  18/18      EV: 12    Int: 14    God:    Lugonu [***...]
Gold:   216        SH:  0    Dex: 13    Spells: 0 memorised, 6 levels left

rFire  . . .     SeeInvis +     a - +1 falchion
rCold  . . .     Clarity  .     (no shield)
rNeg   . . .     SustAb   .     (helmet restricted)
rPois  .         Gourm    .     (no amulet)
rElec  .         Spirit   .     d - ring of magical power
rCorr  .         Warding  .     h - ring of flight
rMut   .         Stasis   .     k - ring of see invisible
MR     .....                    (no ring)
Stlth  +++.......               (no ring)
                                (no ring)
                                (no ring)
                                (no ring)

@: not resistant to hostile enchantments, fairly stealthy
A: almost no armour, amphibious, 8 rings, constrict 8, camouflage 1, gelatinous
body 1
a: Depart the Abyss, Bend Space, Banish, Renounce Religion, Evoke Flight


You were on level 5 of the Dungeon.
You worshipped Lugonu.
Lugonu was most pleased with you.
You were not hungry.

You visited 1 branch of the dungeon, and saw 5 of its levels.
You visited the Abyss 1 time.

You collected 216 gold pieces.

Inventory:

Hand weapons
 a - a +1 falchion (weapon)
Missiles
 j - 90 stones (quivered)
Jewellery
 d - a ring of magical power (left tentacle)
 h - a ring of flight (right tentacle)
 k - a ring of see invisible (on tentacle)
Scrolls
 g - 2 scrolls of teleportation
 m - a scroll of noise {unknown}
 n - a scroll of enchant weapon {unknown}
Potions
 b - 2 potions of haste {unknown}
 e - 2 potions of berserk rage
 f - a potion of curing
 i - a potion of poison {unknown}
 l - a potion of invisibility {unknown}
 o - a potion of heal wounds {unknown}
Comestibles
 c - 3 bread rations


   Skills:
 * Level 6.0 Fighting
 - Level 5.0 Long Blades
 - Level 2.3 Dodging
 + Level 2.3 Stealth
 - Level 2.0 Invocations


You had 6 spell levels left.
You didn't know any spells.

Dungeon Overview and Level Annotations

Branches:
Dungeon (5/15)             Temple (0/1) D:5

Altars:

Annotations:
D:2 Sigmund
D:3 Grinder


Innate Abilities, Weirdness & Mutations

You cannot wear most types of armour.
You are amphibious.
You can wear up to eight rings at the same time.
You can use your tentacles to constrict many enemies at once.
Your skin changes colour to match your surroundings (Stealth).
Your rubbery body absorbs attacks (AC +1).


Message History

The phantom is almost destroyed.
The phantom barely misses you.
You slash the phantom!
The phantom is almost destroyed.
The phantom hits you.
* * * LOW HITPOINT WARNING * * *
You closely miss the phantom.
The phantom is almost destroyed.
The phantom barely misses you.
You barely miss the phantom. Your squeeze misses the phantom.
The phantom is almost destroyed.
The phantom hits you.
* * * LOW HITPOINT WARNING * * *
The phantom blinks!
The phantom hits you.
* * * LOW HITPOINT WARNING * * *
You barely miss the phantom.
The phantom is almost destroyed.
The phantom hits you!
You die...

......................##...
.....##.........####.#
##.#####......## .#
#...###..##.## ..
##.....>##.## ##
#...........###
#..###.........# ....#
#..........######.#. #####
#..@W.......<.......
#........###.####...
#........# ### ##......##
##....## ######


You could see a phantom.

Vanquished Creatures
  A phantom (D:4)
  A giant frog (D:3)
  A hound (D:1)
  A giant frog skeleton (D:5)
  An iguana (D:5)
  An orc wizard (D:5)
  A worker ant (D:4)
  Natasha (thrice) (D:3)
  Ijyb (D:3)
  A hound zombie (D:5)
  2 adders (D:2)
  A giant mite (D:2)
  2 worms
  An adder skeleton (D:5)
  3 giant geckos
  8 orcs
  7 goblins
  7 hobgoblins
  8 jackals
  A quokka (D:3)
  9 bats
  4 giant cockroaches
  2 giant newts
  11 kobolds
  3 rats
81 creatures vanquished.

Notes
Turn   | Place    | Note
--------------------------------------------------------------
     0 | Abyss:1  | dysrexia, the Octopode Abyssal Knight, began the quest for the Orb.
     0 | Abyss:1  | Reached XP level 1. HP: 16/16 MP: 1/1
    12 | D:1      | Escaped the Abyss
   241 | D:1      | Reached XP level 2. HP: 18/21 MP: 2/2
   711 | D:2      | Reached XP level 3. HP: 21/26 MP: 3/3
  1419 | D:2      | Reached skill level 4 in Long Blades
  1638 | D:2      | Noticed Sigmund
  1829 | D:1      | Reached XP level 4. HP: 22/31 MP: 5/5
  1941 | D:3      | Noticed Natasha
  1942 | D:3      | Acquired Lugonu's second power
  1950 | D:3      | Killed Natasha
  1950 | D:3      | Reached skill level 5 in Long Blades
  1950 | D:3      | Reached XP level 5. HP: 18/36 MP: 6/6
  2375 | D:3      | Noticed Ijyb
  2413 | D:3      | Killed Ijyb
  2699 | D:3      | Noticed Natasha
  2705 | D:3      | Killed Natasha
  2732 | D:3      | Noticed Grinder
  3008 | D:3      | Noticed Natasha
  3013 | D:3      | Killed Natasha
  3335 | D:3      | Reached XP level 6. HP: 34/44 MP: 7/7
  3371 | D:4      | Noticed a phantom
  3390 | D:4      | Killed a phantom
  3390 | D:4      | Reached skill level 5 in Fighting
  3692 | D:4      | Acquired Lugonu's third power
  3957 | D:5      | Entered Level 5 of the Dungeon
  3965 | D:5      | Reached skill level 1 in Stealth
  4127 | D:5      | Reached XP level 7. HP: 45/51 MP: 9/9
  4187 | D:5      | Noticed a two-headed ogre
  4381 | D:5      | Found a staircase to the Ecumenical Temple.
  4406 | D:5      | Reached skill level 6 in Fighting
  4734 | D:5      | Slain by a phantom

Action                   |  1- 3 |  4- 6 |  7- 9 || total
-------------------------+-------+-------+-------++-------
Melee: Falchion          |    65 |   153 |    45 ||   263
Throw: Stone             |    12 |    25 |     3 ||    40
  Use: Scroll            |     3 |       |       ||     3
       Potion            |       |     2 |       ||     2
 Stab: Sleeping          |     1 |     1 |       ||     2
  Eat: Fruit             |     2 |       |       ||     2
       Beef jerky        |     1 |       |       ||     1
       Chunk             |       |     6 |       ||     6
       Bread ration      |       |       |     1 ||     1
